AoeStats
← Agez

Hill Fort

504873962Analyzed
3v3 RM · 24d ago on Sep 6, 2026· 52m 12s· 6 players
Game mode
Random Map
Map size
Normal (6 player)
Population
200
Speed
Normal
Resources
Standard
Victory
Conquest
Starting age
Dark Age
Ending age
Imperial Age
RankedLock teamsTeams togetherTeam positionsShared explorationLock speedFull tech treeHidden civsTurbo modeCheats
Victory
Defeat
🇲🇽 Koreans · Mexico
1123
+14
🇨🇿 Teutons · Czechia
1100
+15
🇵🇪 Georgians · Peru
1010
+18
🇦🇷 Italians · Argentina
1138
-19
🇦🇷 Wei · Argentina
1088
-16
🇦🇷 Franks · Argentina
985
-12
Agez
11:55 Feudal Age
14:19 Wheelbarrow
14:56 Double-Bit Axe
15:27 Loom
18:55 Castle Age
20:28 Gold Mining
20:31 Stone Mining
21:13 Husbandry
24:30 Forging
25:15 Scale Barding Armor
33:53 Imperial Age
32:44 Gold Shaft Mining
32:24 Bow Saw
33:33 Iron Casting
34:11 Chain Barding Armor
34:01 Cavalier
37:47 Blast Furnace
38:53 Plate Barding Armor
45:08 Paladin
48:52 Chemistry
ElOlorosopitt
11:19 Feudal Age
13:34 Horse Collar
14:35 Wheelbarrow
15:35 Loom
18:15 Castle Age
17:02 Double-Bit Axe
17:12 Gold Mining
19:39 Crossbowman
21:13 Bow Saw
22:23 Heavy Plow
25:11 Fletching
27:50 Bodkin Arrow
29:28 Padded Archer Armor
37:09 Imperial Age
34:56 Hand Cart
35:52 Forging
37:00 Squires
36:46 Arson
37:05 Scale Mail Armor
37:41 Iron Casting
38:20 Chain Mail Armor
40:39 Imperial Age
41:53 Plate Mail Armor
42:24 Blast Furnace
Ivanlamo01
11:29 Feudal Age
15:28 Castle Age
14:31 Double-Bit Axe
15:11 Horse Collar
17:30 Fletching
20:01 Wheelbarrow
20:37 Bodkin Arrow
22:25 Bow Saw
28:09 Loom
28:37 Thumb Ring
28:34 Padded Archer Armor
30:14 Heavy Plow
33:43 Imperial Age
31:48 Leather Archer Armor
32:34 Husbandry
32:44 Bloodlines
34:08 Town Watch
34:39 Hand Cart
35:03 Gold Mining
36:37 Ballistics
36:53 Parthian Tactics
38:40 Forging
38:37 Scale Barding Armor
38:50 Scale Mail Armor
39:41 Tuntian
42:10 Elite Tiger Cavalry
45:28 Iron Casting
44:53 Bracer
45:24 Ring Archer Armor
45:15 Chain Barding Armor
47:48 Ming Guang Armor
49:11 Blast Furnace
Osito Ted
10:41 Feudal Age
8:57 Loom
10:45 Feudal Age
16:21 Castle Age
15:28 Double-Bit Axe
16:14 Horse Collar
20:16 Scale Mail Armor
22:01 Squires
26:22 Bow Saw
29:50 Chain Mail Armor
32:10 Wheelbarrow
32:06 Forging
32:17 Gold Mining
36:59 Imperial Age
36:46 Iron Casting
36:34 Fletching
37:25 Arson
38:12 Ballistics
37:27 Capped Ram
39:06 Plate Mail Armor
38:51 Elite Fire Lancer
41:06 Chemistry
41:38 Bodkin Arrow
44:52 Hand Cart
44:44 Heavy Plow
46:29 Light Cavalry
47:10 Husbandry
namrskal
10:53 Feudal Age
12:20 Double-Bit Axe
17:58 Castle Age
21:23 Loom
23:23 Fletching
24:18 Scale Barding Armor
25:51 Bloodlines
27:49 Forging
30:13 Wheelbarrow
29:23 Town Watch
32:01 Gold Mining
32:20 Stone Mining
32:45 Scale Mail Armor
36:47 Imperial Age
35:48 Chain Barding Armor
36:05 Iron Casting
35:29 Bodkin Arrow
36:33 Elite Skirmisher
36:36 Crossbowman
38:24 Cavalier
39:39 Conscription
39:49 Conscription
39:41 Padded Archer Armor
46:12 Blast Furnace
BS | DESTRAKER
5:20 Loom
6:17 Loom
11:39 Feudal Age
12:59 Horse Collar
14:45 Wheelbarrow
13:58 Double-Bit Axe
20:53 Castle Age
19:39 Stone Mining
22:23 Bow Saw
21:46 Elite Skirmisher
26:41 Elite Skirmisher
29:23 Hand Cart
32:57 Heavy Plow
32:52 Gold Mining
34:30 Forging
34:26 Scale Barding Armor
34:11 Fletching
35:49 Masonry
35:37 Murder Holes
36:44 Pikeman
37:24 Squires
37:09 Gambesons
40:05 Imperial Age
38:06 Fervor
38:46 Iron Casting
42:18 Elite Monaspa
42:29 Halberdier
42:54 Arson
44:14 Blast Furnace
43:35 Chain Barding Armor
44:11 Aznauri Cavalry
44:43 Hoardings
44:46 Guard Tower
46:04 Crop Rotation
47:23 Plate Barding Armor
46:44 Bodkin Arrow
48:23 Svan Towers
51:45 Keep
Connection lost

Rejoining the realm…

Still unreachable

The connection could not be restored.

Session expired

The server has moved on; the page needs a fresh start.